 Dungeon Crawl Stone Soup version 0.19.1 (webtiles) character file.

22 M4edhros the Grave Robber (level 2, -3/17 HPs)
             Began as an Octopode Necromancer on Dec 23, 2016.
             Slain by a leopard gecko (4 damage)
             ... on level 2 of the Dungeon.
             The game lasted 00:01:13 (216 turns).

M4edhros the Grave Robber (Octopode Necromancer)     Turns: 216, Time: 00:01:13

Health: -3/17      AC:  1    Str:  7    XL:     2   Next: 91%
Magic:  0/5        EV: 13    Int: 17    God:
Gold:   10         SH:  0    Dex: 12    Spells: 2 memorised, 3 levels left

rFire  . . .     SeeInvis .       - Unarmed
rCold  . . .     Gourm    .     (no shield)
rNeg   . . .     Faith    .     (helmet restricted)
rPois  .         Spirit   .     (no amulet)
rElec  .         Reflect  .     h - ring of loudness (curse)
rCorr  .         Harm     .     (no ring)
MR     .....                    (no ring)
Stlth  ++........               (no ring)
                                (no ring)
                                (no ring)
                                (no ring)
                                (no ring)

@: no status effects
A: almost no armour, stealthy swim, amphibious, 8 rings, constrict 8, camouflage
1, gelatinous body 1
a: no special abilities


You were on level 2 of the Dungeon.
You were not hungry.

You visited 1 branch of the dungeon, and saw 2 of its levels.

You collected 10 gold pieces.

Inventory:

Missiles
 f - 22 sling bullets
Jewellery
 h - a cursed ring of loudness (left tentacle)
Potions
 c - a potion of haste {unknown}
 e - a potion of curing {unknown}
Books
 a - a book of Necromancy

   Spells                             Type                      Level
   a - Pain                           Necromancy                   1
   b - Animate Skeleton               Necromancy                   1
   c - Vampiric Draining              Necromancy                   3
   d - Regeneration                   Charms/Necromancy            3
   e - Animate Dead                   Necromancy                   4
   f - Control Undead                 Necromancy                   4
Comestibles
 b - a bread ration
 d - a chunk of flesh
 g - a slice of pizza


   Skills:
 - Level 2.0 Dodging
 - Level 2.6 Stealth
 + Level 2.4 Unarmed Combat
 - Level 2.0 Spellcasting
 - Level 4.0 Necromancy


You had 3 spell levels left.
You knew the following spells:

 Your Spells              Type           Power        Failure   Level  Hunger
a - Pain                  Necr           ###.         3%          1    #......
b - Animate Skeleton      Necr           N/A          3%          1    #......


Dungeon Overview and Level Annotations

Branches:
Dungeon (2/15)

Altars:
Kikubaaqudgha


Innate Abilities, Weirdness & Mutations

You cannot wear most types of armour.
You are very stealthy in the water. (Stealth+)
You are amphibious.
You can wear up to eight rings at the same time.
You can use your tentacles to constrict eight enemies at once.
Your skin changes colour to match your surroundings (Stealth+).
Your rubbery body absorbs attacks. (AC +1, EV +1)


Message History

Press: ? - help, Shift-Dir - straight line, f - leopard gecko
Aim: a leopard gecko (chance to defeat MR: 85%)
The leopard gecko barely resists.
Casting: Pain
Confirm with . or Enter, or press ? or * to list all spells.
Aiming: Pain
Press: ? - help, Shift-Dir - straight line, f/p - leopard gecko
Aim: a leopard gecko (chance to defeat MR: 85%)
The leopard gecko barely resists.
The leopard gecko hisses menacingly.
Casting: Pain
Confirm with . or Enter, or press ? or * to list all spells.
Aiming: Pain
Press: ? - help, Shift-Dir - straight line, f/p - leopard gecko
Aim: a leopard gecko (chance to defeat MR: 85%)
The leopard gecko writhes in agony!
The leopard gecko barely misses you.
You barely miss the leopard gecko. Your grab misses the leopard gecko.
The leopard gecko is almost dead.
The leopard gecko bites you.
You die...

#..<....###.,.....,...........
#.......# **#...#**#######....
***#.......#####..##### ****#.#..
,.........#...........##*,,,..#..
*#####...#..............,,**####.
* ####........!......,,,,,,,,. *
###...............,,,,,***#
**#####.................,,,,,*
**..............@l......,,,,,*
,,.⌠....................,,,,,*
,*..≈≈≈≈≈≈..............,,,,,*
,*#.≈≈≈≈≈≈......#.......,,,,,*
,*#..≈≈≈≈...############******
,*...≈≈.....# ,*...≈......#
,*._≈....⌠..# ,*....##...##


You could see a leopard gecko.

Vanquished Creatures
  A gnoll (D:1)
  A leopard gecko (D:2)
  A bat (D:2)
  A giant cockroach (D:2)
  3 hobgoblins
  2 frilled lizards
  A goblin (D:2)
  A rat (D:2)
11 creatures vanquished.

Notes
Turn   | Place    | Note
-------+----------+-------------------------------------------
     0 | D:1      | M4edhros the Octopode Necromancer began the quest for the Orb.
     0 | D:1      | Reached XP level 1. HP: 11/11 MP: 3/3
    56 | D:1      | Reached skill level 1 in Unarmed Combat
    56 | D:1      | Reached XP level 2. HP: 14/17 MP: 0/5
    73 | D:1      | Learned a level 1 spell: Animate Skeleton
   177 | D:2      | Found an ancient bone altar of Kikubaaqudgha.
   216 | D:2      | Slain by a leopard gecko

Skill      XL: |  1  2 |
---------------+-------+-----
Unarmed Combat | 1 2 |  2.4
Dodging        | |  2.0
Stealth        | |  2.6
Spellcasting   | |  2.0
Necromancy     | |  4.0

Action                   || total
-------------------------++-------
Melee: Unarmed           ||    18
       Constrict         ||     4
       Tentacles         ||     1
 Cast: Pain              ||    16
       Animate Skeleton  ||     1
  Use: Scroll            ||     2
 Stab: Sleeping          ||     1
Armor: Skin              ||     3
Dodge: Dodged            ||    13
